 Dungeon Crawl Stone Soup version 0.27.0-1-g7a089689b8 (webtiles) character file.

Game seed: 2691137204343205002

202438 HungrySpirit the Nimble (level 18, 0/144 HPs)
             Began as a Gnoll Monk on Aug 1, 2021.
             Was the Champion of the Shining One.
             Slain by a white very ugly thing (20 damage)
             ... on level 14 of the Dungeon.
             The game lasted 01:15:57 (52067 turns).

HungrySpirit the Nimble (Gnoll Monk)               Turns: 52067, Time: 01:15:58

Health: 0/144      AC: 24    Str: 16    XL:     18   Next: 58%
Magic:  34/34      EV: 18    Int: 10    God:    the Shining One [******]
Gold:   385        SH: 15    Dex: 24    Spells: 33/41 levels left

rFire    + + .     SeeInvis .   u - +11 trident of a sewer {flame, rPois Dex+4}
rCold    . . .     Faith    .   w - +2 kite shield {reflect}
rNeg     + + +     Spirit   .   h - +8 fire dragon scales
rPois    +         Reflect  +   G - +2 hat
rElec    .         Harm     .   (no cloak)
rCorr    .         Rampage  .   b - +0 pair of fencer's gloves {Riposte Dex+3}
Will     ++...                  (no boots)
Stlth    ++........             (no amulet)
HPRegen  0.34/turn              d - ring of willpower
MPRegen  0.24/turn              X - ring of protection from cold

@: about to teleport, glowing
A: fangs 1, strong nose, distributed training
}: 1/15 runes: serpentine
a: Renounce Religion, Divine Shield, Cleansing Flame, Summon Divine Warrior,
Brand Weapon With Holy Wrath


You were on level 14 of the Dungeon.
You worshipped the Shining One.
The Shining One was exalted by your worship.
You visited 7 branches of the dungeon, and saw 31 of its levels.
You also visited: Volcano.

You collected 2936 gold pieces.
You spent 2551 gold pieces at shops.

Inventory:

Hand Weapons
 u - the +11 trident of a sewer (weapon) {flame, rPois Dex+4}
   (You found it on level 4 of the Dungeon)

   It burns those it strikes, dealing additional fire damage.
   Dex:       It affects your dexterity (+4).
   rPois:     It protects you from poison.
 W - a +2 scimitar of flaming
Missiles
 f - 56 poisoned darts (quivered)
 O - 2 throwing nets
Armour
 b - the +0 pair of fencer's gloves (worn) {Riposte Dex+3}
   (You acquired it on level 3 of the Lair of Beasts)

   It allows the wearer to riposte with any weapon, or to riposte more often
   with a long blade, swiftly retaliating against a missed attack.
   Dex:       It affects your dexterity (+3).
 h - +8 fire dragon scales (worn)
 w - a +2 kite shield of reflection (worn)
 G - a +2 hat (worn)
Jewellery
 d - a ring of willpower (left hand)
 i - a ring of fire
 C - a ring of protection from fire
 H - a ring of flight
 Q - a +6 ring of intelligence
 X - a ring of protection from cold (right hand)
Wands
 l - a wand of digging (28)
 A - a wand of paralysis (14)
 L - a wand of charming (28)
 N - a wand of acid (4)
Scrolls
 k - 2 scrolls of holy word
 m - a scroll of fog
 o - 6 scrolls of noise
 p - a scroll of enchant armour
 s - 12 scrolls of teleportation
 t - 3 scrolls of vulnerability
 v - 2 scrolls of summoning
 y - 4 scrolls of enchant weapon
 F - 2 scrolls of amnesia
 K - 2 scrolls of fear
 R - 12 scrolls of identify
 S - 4 scrolls of magic mapping
 V - 2 scrolls of silence
Potions
 c - 5 potions of might
 e - a potion of resistance
 g - 4 potions of mutation
 j - 14 potions of curing
 n - 3 potions of ambrosia
 q - 3 potions of cancellation
 x - 4 potions of berserk rage
 z - 5 potions of attraction
 B - 2 potions of invisibility
 D - 5 potions of haste
 I - 2 potions of lignification
 M - a potion of flight
 T - 2 potions of magic
 Y - 2 potions of brilliance
Miscellaneous
 U - a box of beasts


   Skills:
 + Level 13.6 Fighting
 + Level 13.6 Short Blades
 + Level 12.2 Long Blades
 + Level 12.2 Axes
 + Level 12.2 Maces & Flails
 + Level 12.2 Polearms
 + Level 12.2 Staves
 + Level 12.2 Slings
 + Level 12.2 Bows
 + Level 12.2 Crossbows
 + Level 12.2 Throwing
 + Level 12.2 Armour
 + Level 13.6 Dodging
 + Level 12.8 Stealth
 + Level 12.2 Shields
 + Level 12.2 Unarmed Combat
 + Level 12.2 Spellcasting
 + Level 10.5 Conjurations
 + Level 10.5 Hexes
 + Level 10.5 Summonings
 + Level 10.5 Necromancy
 + Level 10.5 Translocations
 + Level 10.5 Transmutations
 + Level 10.5 Fire Magic
 + Level 10.5 Ice Magic
 + Level 10.5 Air Magic
 + Level 10.5 Earth Magic
 + Level 10.5 Poison Magic
 + Level 13.2 Invocations
 + Level 12.2 Evocations


You had 33 spell levels left.
You knew the following spells:

 Your Spells              Type           Power      Damage    Failure   Level
a - Passage of Golubria   Tloc           N/A        N/A       7%          4
b - Blink                 Tloc           N/A        N/A       1%          2
c - Passwall              Tmut/Erth      22%        N/A       1%          2

Your spell library contained the following spells:

 Spells                   Type           Power      Damage    Failure   Level
 Foxfire                  Conj/Fire      100%       2x1d9     1%          1
 Sandblast                Erth           54%        2d13      1%          1
 Call Canine Familiar     Summ           27%        N/A       1%          3
 Conjure Flame            Conj/Fire      27%        6-21      1%          3
 Dazzling Flash           Conj/Hex       54%        N/A       1%          3
 Ignite Poison            Fire/Tmut/Pois 27%        N/A       1%          3
 Inner Flame              Hex/Fire       27%        N/A       1%          3
 Portal Projectile        Hex/Tloc       54%        N/A       1%          3
 Tukima's Dance           Hex            27%        N/A       1%          3
 Hailstorm                Conj/Ice       27%        3d7       7%          4
 Ice Form                 Ice/Tmut       27%        N/A       7%          4
 Iskenderun's Mystic Bla  Conj/Tloc      27%        2d7       7%          4
 Leda's Liquefaction      Hex/Erth       13%        N/A       7%          4
 Sticky Flame             Conj/Fire      27%        2d5       7%          4
 Lee's Rapid Deconstruct  Erth           13%        3d10*     19%         5
 Manifold Assault         Tloc           27%        N/A       19%         5
 Silence                  Hex/Air        13%        N/A       19%         5
 Yara's Violent Unravell  Hex/Tmut       13%        3d7       19%         5
 Simulacrum               Ice/Necr       13%        N/A       71%         6
 Starburst                Conj/Fire      13%        8x6d6     71%         6
 Storm Form               Tmut/Air       13%        N/A       99%         7
 Lehudib's Crystal Spear  Conj/Erth      13%        10d5      100%        8


Dungeon Overview and Level Annotations

Branches:
Dungeon (15/15)            Temple (1/1) D:6            Lair (6/6) D:11
 Shoals (1/4) Lair:3        Snake (4/4) Lair:2        Slime (0/5) Lair:6
    Orc (2/2) D:11            Elf (0/3) Orc:2        Vaults (2/5) D:14
 Depths (0/5) D:15        Volcano (visited)
  Crypt: Vaults:2-3

Altars:
Ashenzari
Cheibriados
Dithmenos
Elyvilon
Fedhas
Gozag
Hepliaklqana
Kikubaaqudgha
Makhleb
Nemelex Xobeh
Okawaru
Qazlal
Ru
Sif Muna
Trog
Uskayaw
Vehumet
Wu Jian
Xom
Yredelemnul
Zin
The Shining One

Shops:
D:5 *   D:8 *   D:10 *   D:12 *   Orc:2 **(=   Snake:3 (*   Vaults:1 !

Portals:
Bazaar: Snake:4

Annotations:
D:3 1 runed translucent door, Crazy Yiuf
D:6 exclusion: 2 upstairs
D:14 exclusion: ice statue
Lair:6 exclusion: obsidian statue
Snake:2 2 transporters, wakim's ghost, adept GrEE
Snake:3 exclusion: 2 ice statues


Innate Abilities, Weirdness & Mutations

You have very sharp teeth.
Your uncanny sense of smell can sniff out nearby items.
Your experience applies equally to all skills.


Message History

The ironbound frostheart touches you. The ironbound frostheart freezes you!
The white very ugly thing misses you.
The cyan very ugly thing basks in the mutagenic energy from its kin and changes!
The ironbound frostheart calls freezing cold from the walls.
The frost grips you but does no damage.
You are encased in ice.
The white very ugly thing punches you. The white very ugly thing freezes you!!
There is an open door here.
The ironbound preserver shouts!
You hear a shout!
The ice encasing you melts away.
The ironbound preserver gestures wildly while chanting.
The ironbound preserver begins to accept its allies' injuries.
The white very ugly thing punches you. The white very ugly thing freezes you!!
There is a gate leading back out of this place here.
You block the white very ugly thing's attack.
You go up through the gate.
Welcome back to the Dungeon!
Level annotation: exclusion: ice statue
There is a gate to the Vaults, spattered with blood here.
You puncture the white very ugly thing! You burn the white very ugly thing.
The white very ugly thing is lightly wounded.
You barely miss the white very ugly thing.
You bite the white very ugly thing, but do no damage.
The white very ugly thing is lightly wounded.
The white very ugly thing punches you but does no damage.
You puncture the white very ugly thing! You burn the white very ugly thing.
The white very ugly thing is moderately wounded.
You block the white very ugly thing's attack.
You puncture the white very ugly thing! You burn the white very ugly thing!
Your bite misses the white very ugly thing.
The white very ugly thing is heavily wounded.
The white very ugly thing punches you.
The white very ugly thing freezes you!!!
* * * LOW HITPOINT WARNING * * *
You hit the white very ugly thing. You burn the white very ugly thing.
The white very ugly thing is heavily wounded.
As you read the scroll of teleportation, it crumbles to dust.
You feel strangely unstable. The white very ugly thing punches you!
* * * LOW HITPOINT WARNING * * *
The white very ugly thing freezes you!!
You die...

....#...'.............#.....#....
....#...#.............#.....#....
....#...#....########.#.....#....
....[...#[...#......#.#######..##
#.......#....'......#......)...#.
###...#'#....##.....#......)...#.
###...........#.....#..........#.
..#...#'#####.########..########.
_.....#.....'.##@[...#..#....}##.
..##..#....##..#[u#.##..##.#..###
.###..#....#...#.#.#.#..#.#.#.#..
.####.#....#...#..##.#()#.##..###
..#...#....#...#.#.....[.(..#.#..
......#....#...#####.#..#.#####..
......#....#.....................
#.....######....................'
...............#####.#..#.#####..


You could see a white very ugly thing.

Vanquished Creatures
  Vashnia (Snake:2)
  Agnes (D:14)
  Gastronok (D:9)
  Donald (Snake:4)
  9 nagarajas
  A vault warden (Vaults:1)
  2 ironbound preservers
  A stone giant (Vaults:1)
  A deep elf annihilator (D:13)
  4 dire elephants
  An ettin (D:15)
  Snorg (Lair:5)
  A fire dragon (Volcano)
  A boulder beetle (Lair:2)
  12 naga warriors
  2 salamander tyrants
  11 anacondas
  12 hydras
  3 vault guards (Vaults:1)
  An ironbound frostheart (Vaults:1)
  8 centaur warriors
  A death knight (D:15)
  6 two-headed ogres
  A tengu warrior (D:15)
  A hell hog (Volcano)
  3 ironbound beastmasters
  3 orc high priests (Orc:2)
  8 naga sharpshooters
  A deep elf knight (D:13)
  8 shock serpents
  6 skeletal warriors
  5 salamander mystics
  A wizard (Vaults:1)
  13 naga ritualists
  9 deep trolls
  4 lindwurms
  6 orc knights
  A phantasmal warrior (D:15)
  A harpy (shapeshifter) (D:14)
  19 ugly things
  2 deep elf pyromancers
  12 mana vipers
  An oklob plant (D:11)
  5 orc sorcerers
  2 necromancers
  8 salamanders
  3 cyclopes
  5 manticores
  A merfolk siren (Lair:3)
  6 elephants (Lair:6)
  Maurice (D:9)
  2 centaur zombies (D:6)
  A vault sentinel (Vaults:1)
  4 guardian serpents
  35 black mambas
  16 naga magi
  A torpor snail (Lair:6)
  A dire elephant skeleton (Lair:6)
  18 komodo dragons
  12 cane toads
  A gargoyle (D:13)
  2 rime drakes
  4 freezing wraiths
  A yaktaur (Vaults:1)
  2 efreet
  2 unseen horrors
  A komodo dragon (shapeshifter) (D:14)
  7 kobold demonologists (D:12)
  2 tengu conjurers (D:15)
  8 trolls
  3 polar bears
  Prince Ribbit (D:7)
  6 meliai
  2 spectral elephants (Lair:6)
  5 slime creatures
  10 blink frogs
  7 dream sheep (Lair:5)
  A shadow (D:11)
  A tarantella (shapeshifter) (D:15)
  Sigmund (D:5)
  A wyvern (Lair:6)
  4 fire bats (Volcano)
  45 yaks
  3 basilisks
  4 steam dragons
  A death yak simulacrum (Lair:6)
  47 nagas
  A warg (Orc:1)
  A hell hound (Volcano)
  A spectral cane toad (Lair:5)
  20 water moccasins
  4 ice beasts
  A swamp drake (D:11)
  A sky beast (D:7)
  19 orc warriors
  4 black bears
  8 ogres
  A necrophage (D:7)
  16 wolves
  10 centaurs
  9 boggarts
  A phantom (D:6)
  8 kobold brigands
  10 bullfrogs
  A gnoll sergeant (D:9)
  7 scorpions
  A water moccasin zombie (D:6)
  5 killer bees (D:9)
  2 water moccasin skeletons
  3 howler monkeys
  A vampire bat (Lair:1)
  A bullfrog zombie (D:5)
  9 centaur skeletons
  5 hounds
  3 jellies
  24 orc priests
  3 bullfrog skeletons
  2 gnoll shamans
  6 hell rats (Lair:3)
  A scorpion zombie (D:5)
  5 iguanas
  25 orc wizards
  2 killer bee zombies
  A hound skeleton (D:4)
  2 howler monkey zombies (D:9)
  12 gnolls
  A howler monkey skeleton (D:5)
  11 adders
  A shadow imp (D:6)
  2 white imps (D:6)
  2 ufetubi
  2 worms (D:3)
  3 dart slugs
  59 orcs
  11 bats
  7 endoplasms
  5 giant cockroaches
  15 goblins
  8 hobgoblins
  7 jackals
  2 quokkas
  4 ball pythons
  4 frilled lizards
  22 kobolds
  3 rats
885 creatures vanquished.

Vanquished Creatures (collateral kills)
  Asterion (Snake:1)
  A deep elf archer (D:13)
  2 vampire mosquitoes (D:13)
4 creatures vanquished.

Vanquished Creatures (others)
  An orc priest (Orc:2)
  A bush (Lair:4)
  27 fungi
  37 plants
  18 withered plants (Lair:6)
84 creatures vanquished.

Grand Total: 973 creatures vanquished

Notes
Turn   | Place    | Note
-------+----------+-------------------------------------------
     0 | D:1      | HungrySpirit the Gnoll Monk began the quest for the Orb.
     0 | D:1      | Reached XP level 1. HP: 23/23 MP: 1/1
   170 | D:1      | Reached XP level 2. HP: 28/29 MP: 2/2
   181 | D:1      | Found a faded altar of an unknown god.
   374 | D:1      | Reached XP level 3. HP: 7/35 MP: 2/4
   761 | D:1      | Reached skill level 1 in Invocations
  1261 | D:2      | Reached skill level 1 in Long Blades
  1261 | D:2      | Reached skill level 1 in Axes
  1261 | D:2      | Reached skill level 1 in Maces & Flails
  1261 | D:2      | Reached skill level 1 in Polearms
  1261 | D:2      | Reached skill level 1 in Staves
  1261 | D:2      | Reached skill level 1 in Slings
  1261 | D:2      | Reached skill level 1 in Bows
  1261 | D:2      | Reached skill level 1 in Crossbows
  1261 | D:2      | Reached skill level 1 in Throwing
  1261 | D:2      | Reached skill level 1 in Armour
  1261 | D:2      | Reached skill level 1 in Shields
  1261 | D:2      | Reached skill level 1 in Unarmed Combat
  1261 | D:2      | Reached skill level 1 in Spellcasting
  1261 | D:2      | Reached skill level 1 in Evocations
  1261 | D:2      | Reached XP level 4. HP: 30/41 MP: 5/5
  2118 | D:3      | Reached skill level 1 in Conjurations
  2118 | D:3      | Reached skill level 1 in Hexes
  2118 | D:3      | Reached skill level 1 in Summonings
  2118 | D:3      | Reached skill level 1 in Necromancy
  2118 | D:3      | Reached skill level 1 in Translocations
  2118 | D:3      | Reached skill level 1 in Transmutations
  2118 | D:3      | Reached skill level 1 in Fire Magic
  2118 | D:3      | Reached skill level 1 in Ice Magic
  2118 | D:3      | Reached skill level 1 in Air Magic
  2118 | D:3      | Reached skill level 1 in Earth Magic
  2118 | D:3      | Reached skill level 1 in Poison Magic
  2379 | D:3      | Found a burning altar of Makhleb.
  2496 | D:3      | You fall into a shaft and drop 2 floors!
  2496 | D:5      | Entered Level 5 of the Dungeon
  2613 | D:4      | Found a faded altar of an unknown god.
  2613 | D:4      | Found a faded altar of an unknown god.
  2613 | D:4      | Found a faded altar of an unknown god.
  2613 | D:4      | Found a faded altar of an unknown god.
  2615 | D:4      | Found a hazy altar of Hepliaklqana.
  2676 | D:4      | Found a hide-covered altar of Uskayaw.
  2694 | D:4      | Reached XP level 5. HP: 47/47 MP: 7/7
  3196 | D:4      | Identified the +11 trident of a sewer {flame, rPois Dex+4}
  3358 | D:4      | Reached XP level 6. HP: 52/53 MP: 8/8
  3445 | D:4      | Found a sparkling altar of Nemelex Xobeh.
  3456 | D:4      | Found a blossoming altar of Fedhas.
  4036 | D:3      | Found a runed translucent door.
  4037 | D:3      | Noticed Crazy Yiuf
  4148 | D:5      | Found Hiqymm's Lightly-Used Armoury.
  4271 | D:5      | Reached XP level 7. HP: 57/59 MP: 10/10
  4775 | D:6      | Reached skill level 5 in Stealth
  4796 | D:6      | Found a staircase to the Ecumenical Temple.
  4804 | Temple   | Entered the Ecumenical Temple
  4915 | Temple   | Became a worshipper of the Shining One
  4915 | Temple   | Reached * piety under the Shining One
  4915 | Temple   | Reached ** piety under the Shining One
  5058 | D:5      | Noticed Sigmund
  5151 | D:6      | Reached XP level 8. HP: 65/67 MP: 12/12
  5265 | D:5      | Killed Sigmund
  5277 | D:5      | Identified the +3 ring mail "Laeg" {rCorr}
  5535 | D:6      | Reached *** piety under the Shining One
  5552 | D:6      | Reached XP level 9. HP: 72/72 MP: 14/14
  6127 | D:6      | Found a sacrificial altar of Ru.
  6249 | D:6      | Reached skill level 5 in Invocations
  6741 | D:7      | Reached XP level 10. HP: 80/80 MP: 17/17
  6744 | D:7      | Reached **** piety under the Shining One
  6754 | D:7      | Reached skill level 5 in Long Blades
  6754 | D:7      | Reached skill level 5 in Axes
  6754 | D:7      | Reached skill level 5 in Maces & Flails
  6754 | D:7      | Reached skill level 5 in Polearms
  6754 | D:7      | Reached skill level 5 in Staves
  6754 | D:7      | Reached skill level 5 in Slings
  6754 | D:7      | Reached skill level 5 in Bows
  6754 | D:7      | Reached skill level 5 in Crossbows
  6754 | D:7      | Reached skill level 5 in Throwing
  6754 | D:7      | Reached skill level 5 in Armour
  6754 | D:7      | Reached skill level 5 in Shields
  6754 | D:7      | Reached skill level 5 in Unarmed Combat
  6754 | D:7      | Reached skill level 5 in Spellcasting
  6754 | D:7      | Reached skill level 5 in Evocations
  7040 | D:7      | Noticed Prince Ribbit
  7048 | D:7      | Killed Prince Ribbit
  7534 | D:8      | Found Jeahom's Serpentskin Sales.
  8049 | D:9      | Noticed Maurice
  8057 | D:9      | Killed Maurice
  8627 | D:9      | Noticed Gastronok
  8882 | D:9      | Killed Gastronok
  8883 | D:9      | Reached skill level 5 in Conjurations
  8883 | D:9      | Reached skill level 5 in Hexes
  8883 | D:9      | Reached skill level 5 in Summonings
  8883 | D:9      | Reached skill level 5 in Necromancy
  8883 | D:9      | Reached skill level 5 in Translocations
  8883 | D:9      | Reached skill level 5 in Transmutations
  8883 | D:9      | Reached skill level 5 in Fire Magic
  8883 | D:9      | Reached skill level 5 in Ice Magic
  8883 | D:9      | Reached skill level 5 in Air Magic
  8883 | D:9      | Reached skill level 5 in Earth Magic
  8883 | D:9      | Reached skill level 5 in Poison Magic
  8883 | D:9      | Reached XP level 11. HP: 62/89 MP: 18/20
  9349 | D:10     | Entered Level 10 of the Dungeon
  9663 | D:10     | Noticed an eight-headed hydra
  9812 | D:10     | Noticed a two-headed ogre
  9821 | D:10     | Killed a two-headed ogre
 10423 | D:10     | Killed an eight-headed hydra
 10653 | D:10     | Found a radiant altar of Vehumet.
 10762 | D:10     | Found Vafonguoruo's Assorted Antiques.
 10803 | D:10     | Bought a scroll labelled PEOSOF FIFRAH for 22 gold pieces
 10803 | D:10     | Bought a scroll labelled PEOSOF FIFRAH for 22 gold pieces
 10803 | D:10     | Bought a scroll labelled WOIFIU SIENT for 22 gold pieces
 11113 | D:11     | Identified the +3 bardiche of Distant Shores {pain, Contam
                  | rElec rF++ Str+4}
 11138 | D:11     | Found a staircase to the Lair.
 11138 | D:11     | Noticed an oklob plant
 11138 | D:11     | Reached ***** piety under the Shining One
 11233 | D:11     | Noticed a cyclops
 11242 | D:11     | Killed a cyclops
 11805 | D:11     | Noticed a skeletal warrior
 11805 | D:11     | Noticed a skeletal warrior
 11806 | D:11     | Noticed a skeletal warrior
 11806 | D:11     | Noticed a skeletal warrior
 11875 | D:11     | Noticed a two-headed ogre
 11887 | D:11     | Killed a two-headed ogre
 12057 | D:11     | Killed an oklob plant
 12075 | Lair:1   | Entered Level 1 of the Lair of Beasts
 12209 | Lair:1   | Noticed a six-headed hydra
 12221 | Lair:1   | Killed a six-headed hydra
 12222 | Lair:1   | Reached XP level 12. HP: 96/96 MP: 22/22
 12271 | Lair:1   | Noticed a five-headed hydra
 12288 | Lair:1   | Killed a five-headed hydra
 12800 | Lair:1   | Found a glowing golden altar of the Shining One.
 12874 | Lair:1   | Noticed an eight-headed hydra
 12887 | Lair:1   | Killed an eight-headed hydra
 14123 | Lair:2   | Reached skill level 10 in Fighting
 14123 | Lair:2   | Reached skill level 10 in Short Blades
 14123 | Lair:2   | Reached skill level 10 in Dodging
 14533 | Lair:2   | Found a staircase to the Snake Pit.
 14583 | Lair:2   | Noticed a boulder beetle
 14595 | Lair:2   | Killed a boulder beetle
 14898 | Lair:2   | Reached XP level 13. HP: 67/103 MP: 24/24
 16010 | Lair:3   | Found a staircase to the Shoals.
 17364 | Lair:3   | Identified a scroll of acquirement
 17364 | Lair:3   | Acquired the +0 pair of fencer's gloves {Riposte Dex+3}
 17365 | Lair:3   | Found the +0 pair of fencer's gloves {Riposte Dex+3}
 17451 | Lair:4   | You fall into a shaft and drop 2 floors!
 17451 | Lair:6   | Entered Level 6 of the Lair of Beasts
 17604 | Lair:5   | Found a dark tunnel.
 17613 | Volcano  | Entered a volcano
 17764 | Volcano  | Noticed a fire dragon
 17790 | Volcano  | Killed a fire dragon
 19127 | Lair:5   | Noticed Snorg
 19142 | Lair:5   | Killed Snorg
 19692 | Lair:5   | Reached XP level 14. HP: 108/111 MP: 26/26
 21428 | Lair:6   | Reached skill level 10 in Stealth
 21918 | Lair:6   | Reached skill level 10 in Invocations
 22058 | Lair:6   | Found a staircase to the Slime Pits.
 22251 | Lair:6   | Identified the +3 great sword of Voushrino {drain, rN+
                  | Str+3 Int-4}
 22690 | Lair:6   | Noticed a dire elephant
 22690 | Lair:6   | Noticed a dire elephant
 22690 | Lair:6   | Noticed a dire elephant
 22691 | Lair:6   | Noticed a dire elephant
 22745 | Lair:6   | Reached ****** piety under the Shining One
 22799 | Lair:6   | Noticed a dire elephant
 22828 | Lair:6   | Killed a dire elephant
 23256 | D:11     | You fall into a shaft and drop 1 floor!
 23991 | D:12     | Found Lycrauhu's Assorted Antiques.
 23994 | D:12     | Bought a worn fluorescent wand for 96 gold pieces
 25418 | D:13     | Reached XP level 15. HP: 51/119 MP: 28/28
 26815 | D:11     | Found a staircase to the Orcish Mines.
 27666 | Orc:1    | Entered Level 1 of the Orcish Mines
 27783 | Orc:1    | Paralysed by an orc sorcerer for 7 turns
 28129 | Orc:1    | Found a radiant altar of Vehumet.
 28321 | Orc:2    | Entered Level 2 of the Orcish Mines
 28344 | Orc:2    | Reached skill level 10 in Long Blades
 28344 | Orc:2    | Reached skill level 10 in Axes
 28344 | Orc:2    | Reached skill level 10 in Maces & Flails
 28344 | Orc:2    | Reached skill level 10 in Polearms
 28344 | Orc:2    | Reached skill level 10 in Staves
 28344 | Orc:2    | Reached skill level 10 in Slings
 28344 | Orc:2    | Reached skill level 10 in Bows
 28344 | Orc:2    | Reached skill level 10 in Crossbows
 28344 | Orc:2    | Reached skill level 10 in Throwing
 28344 | Orc:2    | Reached skill level 10 in Armour
 28344 | Orc:2    | Reached skill level 10 in Shields
 28344 | Orc:2    | Reached skill level 10 in Unarmed Combat
 28344 | Orc:2    | Reached skill level 10 in Spellcasting
 28344 | Orc:2    | Reached skill level 10 in Evocations
 28418 | Orc:2    | Found a staircase to the Elven Halls.
 28521 | Orc:2    | Found Ceanus's Assorted Antiques.
 28534 | Orc:2    | Bought a ruby potion for 32 gold pieces
 30503 | Orc:2    | Found Mojetoli's Magic Scroll Boutique.
 30503 | Orc:2    | Found Hasov's Assorted Antiques.
 30505 | Orc:2    | Found Filam's Jewellery Boutique.
 30505 | Orc:2    | Found Zygugh's Weapon Shoppe.
 30511 | Orc:2    | Bought 3 scrolls of identify for 84 gold pieces
 30521 | Orc:2    | Bought a scroll of acquirement for 728 gold pieces
 30536 | Orc:2    | Acquired a ring of willpower
 30548 | Orc:2    | Bought a scroll of teleportation for 42 gold pieces
 30548 | Orc:2    | Bought a scroll of teleportation for 42 gold pieces
 30548 | Orc:2    | Bought a scroll of teleportation for 42 gold pieces
 30548 | Orc:2    | Bought a scroll of teleportation for 42 gold pieces
 30548 | Orc:2    | Bought a scroll of teleportation for 42 gold pieces
 30548 | Orc:2    | Bought a scroll of teleportation for 42 gold pieces
 30548 | Orc:2    | Bought a scroll of torment for 105 gold pieces
 30548 | Orc:2    | Bought a scroll of blinking for 105 gold pieces
 30548 | Orc:2    | Bought 3 scrolls of enchant armour for 315 gold pieces
 30548 | Orc:2    | Bought a scroll of identify for 28 gold pieces
 30548 | Orc:2    | Bought a scroll of magic mapping for 49 gold pieces
 30548 | Orc:2    | Bought a scroll of silence for 105 gold pieces
 30558 | Orc:2    | Bought a bloodstained mace for 232 gold pieces
 30558 | Orc:2    | Identified the +9 mace of the Inferno {speed, MP+9 Int+2}
                  | (You bought it in a shop on level 2 of the Orcish Mines)
 30558 | Orc:2    | Bought a potion of curing for 87 gold pieces
 30558 | Orc:2    | Bought a potion of curing for 87 gold pieces
 31123 | D:14     | Found a bloodstained altar of Trog.
 32055 | D:14     | Found a gate to the Vaults.
 32630 | Snake:1  | Entered Level 1 of the Snake Pit
 33151 | Snake:1  | Reached XP level 16. HP: 124/127 MP: 30/30
 33840 | Snake:1  | Noticed Asterion
 34679 | Snake:1  | Killed Asterion
 35031 | Snake:2  | Noticed Vashnia
 38066 | Snake:2  | HP: 5/129 [asphyx]
 38066 | Snake:2  | HP: 2/129 [naga sharpshooter/splash of poison[Vashnia] (3)]
 38067 | Snake:1  | The Shining One protects you from harm!
 38539 | Snake:2  | Killed Vashnia
 38877 | Snake:2  | Found a transporter.
 38881 | Snake:2  | Noticed wakim's ghost (adept GrEE)
 38910 | Snake:2  | Found a transporter.
 39443 | Snake:3  | Found Reqokusi's Assorted Antiques.
 39599 | Snake:3  | Found Zoeh's Antique Weapon Emporium.
 39616 | Snake:3  | Noticed a nagaraja
 39746 | Snake:3  | Learned a level 4 spell: Passage of Golubria
 39862 | Snake:3  | Learned a level 2 spell: Blink
 39865 | Snake:3  | Learned a level 2 spell: Passwall
 39972 | Snake:3  | Reached XP level 17. HP: 75/135 MP: 32/32
 41704 | Snake:4  | Entered Level 4 of the Snake Pit
 44009 | Snake:4  | Found a gateway to a bazaar.
 44087 | Snake:4  | Noticed Donald
 44325 | Snake:4  | Killed Donald
 45138 | Snake:4  | Reached skill level 10 in Conjurations
 45138 | Snake:4  | Reached skill level 10 in Hexes
 45138 | Snake:4  | Reached skill level 10 in Summonings
 45138 | Snake:4  | Reached skill level 10 in Necromancy
 45138 | Snake:4  | Reached skill level 10 in Translocations
 45138 | Snake:4  | Reached skill level 10 in Transmutations
 45138 | Snake:4  | Reached skill level 10 in Fire Magic
 45138 | Snake:4  | Reached skill level 10 in Ice Magic
 45138 | Snake:4  | Reached skill level 10 in Air Magic
 45138 | Snake:4  | Reached skill level 10 in Earth Magic
 45138 | Snake:4  | Reached skill level 10 in Poison Magic
 46601 | Snake:4  | Got a serpentine rune of Zot
 47137 | D:15     | Entered Level 15 of the Dungeon
 47137 | D:15     | Noticed Agnes
 47150 | D:14     | Killed Agnes
 47373 | D:15     | Found a staircase to the Depths.
 47390 | D:15     | Reached XP level 18. HP: 91/143 MP: 33/33
 48867 | Shoals:1 | Entered Level 1 of the Shoals
 49082 | Vaults:1 | Entered Level 1 of the Vaults
 49082 | Vaults:1 | Found Ogyok's Distillery.
 49210 | Vaults:1 | Bought a potion of resistance for 180 gold pieces
 49272 | Vaults:1 | Identified the +0 leather armour of Conscience {rPois Will+
                  | Dex+4}
 52067 | D:14     | Slain by a white very ugly thing

Illustrated notes

Levels and vault maps discovered:
D:1:      beargit_arrival_greenhouse, layout_rooms,
          shapermc_ecumenical_altar_mp_highgroup
D:2:      layout_loops_ring
D:3:      minmay_evil_eye, layout_basic, nicolae_overflow_hidden_temple,
          uniq_crazy_yiuf_cottage
D:4:      layout_basic, nicolae_hepliaklqana_ecumenical_no_more,
          mainiacjoe_overflow_tiny_flanked, amethyst_overflow_temple_binary
D:5:      layout_basic, nicolae_ossuary_entry_ruins, st_stairs_5,
          minmay_shop_damaged, uniq_sigmund
D:6:      minmay_polygon_palace, layout_basic, lemuel_round_altar,
          minmay_temple_entry_tees, moated_statue, st_stairs_11, minivault_23,
          minmay_ogre_servants
D:7:      layout_loops_ring, minmay_hedge_maze, uniq_prince_ribbit1
D:8:      layout_cave_pods, guppyfry_shop_venom
D:9:      layout_loops_ring, kennysheep_generic_room_15, uniq_gastronok,
          uniq_maurice
D:10:     layout_cave_pools, nicolae_vehumet_altar_sigil, serial_shops,
          nicolae_shop_waterfront, blue_anna_alchemist
D:11:     layout_loops_cross, dpeg_oklobed_lair, erik_orc_1
D:12:     layout_grid_maze, serial_shops, nicolae_shop_behind_doors
D:13:     layout_roguey
D:14:     layout_irregular_city, hangedman_vaults_entry_quadrant_bands,
          trog_three_pillars_becter, minivault_16
D:15:     hangedman_depths_entry_civil_slaughter, layout_basic,
          chequers_serial_rivers_small_3, minmay_misc_feat_enclosed, uniq_agnes
Temple:   regret_index_temple_waves
Lair:1:   layout_regular_city, basic_altar, wad_woods_road_01, roderic_batcave,
          grunt_megastairs_3, lemuel_fruit_fields, lemuel_fruit_tree
Lair:2:   layout_small_grid, dummy_snake_entry, grunt_megastairs_2
Lair:3:   layout_roguey, elwin_shoals_entry_rooms, minivault_19
Lair:4:   wander_river, layout_small_grid, kilobyte_rumbling_trees,
          infiniplex_staircase_pool
Lair:5:   layout_regular_city, enter_volcano_2, uniq_snorg
Lair:6:   due_jungle_book, layout_regular_city, minmay_slime_entry_pillars,
          grunt_megastairs_4
Shoals:1: cheibrodos_shoals_satyrical_garden, layout_shoals,
          nicolae_shoals_arrival_archipelago, uniq_roxanne
Snake:1:  layout_misc_corridors, special_room, uniq_asterion
Snake:2:  layout_gridlike, gammafunk_ghost_berserking_beasts, uniq_vashnia
Snake:3:  layout_basic, portal_ice_cave_entry_ice_statue_two, minmay_shoptagon,
          grunt_megastairs_5
Snake:4:  johnstein_snake_rune_scales, layout_chambers, serial_shops,
          bzr_entry_road, uniq_donald
Orc:1:    layout_caves, basic_altar, nicolae_orc_tapped_out
Orc:2:    grunt_orc_tribal_feast, layout_diamond_mine, serial_shops,
          nicolae_shop_trees
Vaults:1: nicolae_vaults_theta, ontoclasm_vaults_ring_square,
          nicolae_vaults_three_branches, grunt_vaults_diagonal, v_misc_17,
          v_pattern_1, ontoclasm_vaults_bender, nicolae_vaults_halls_meeting,
          layout_vaults_big_room, serial_shops, shop
Vaults:2: vaults_mumra_chevron_long, vaults_mumra_hex,
          ontoclasm_vaults_loading_screen, v_misc_14, v_misc_27,
          minmay_crypt_entry_skeletal_spiral, ontoclasm_vaults_ring_large,
          vaults_room_large_hall, hangedman_vaults_river_flow,
          hangedman_vaults_maws, grunt_vaults_hallway_long, v_misc_26,
          nicolae_vaults_network_star, nicolae_vaults_diagonal_hallway_7,
          layout_vaults_ring, uniq_sojobo, uniq_aizul, uniq_margery, uniq_mennas

Skill      XL: |  1  2  3  4  5  6  7  8  9 10 11 12 13 14 15 16 17 18 |
---------------+-------------------------------------------------------+-----
Invocations    | 1 2 3 4 5 6 7 8 9 10 11 12 13 | 13.2
Long Blades    | 1 2 3 4 6 7 8 9 10 11 12 | 12.2
Axes           | 1 2 3 4 6 7 8 9 10 11 12 | 12.2
Maces & Flails | 1 2 3 4 6 7 8 9 10 11 12 | 12.2
Polearms       | 1 2 3 4 6 7 8 9 10 11 12 | 12.2
Staves         | 1 2 3 4 6 7 8 9 10 11 12 | 12.2
Slings         | 1 2 3 4 6 7 8 9 10 11 12 | 12.2
Bows           | 1 2 3 4 6 7 8 9 10 11 12 | 12.2
Crossbows      | 1 2 3 4 6 7 8 9 10 11 12 | 12.2
Throwing       | 1 2 3 4 6 7 8 9 10 11 12 | 12.2
Armour         | 1 2 3 4 6 7 8 9 10 11 12 | 12.2
Shields        | 1 2 3 4 6 7 8 9 10 11 12 | 12.2
Unarmed Combat | 1 2 3 4 6 7 8 9 10 11 12 | 12.2
Spellcasting   | 1 2 3 4 6 7 8 9 10 11 12 | 12.2
Evocations     | 1 2 3 4 6 7 8 9 10 11 12 | 12.2
Conjurations   | 1 2 3 4 5 6 7 8 9 10 | 10.5
Hexes          | 1 2 3 4 5 6 7 8 9 10 | 10.5
Summonings     | 1 2 3 4 5 6 7 8 9 10 | 10.5
Necromancy     | 1 2 3 4 5 6 7 8 9 10 | 10.5
Translocations | 1 2 3 4 5 6 7 8 9 10 | 10.5
Transmutations | 1 2 3 4 5 6 7 8 9 10 | 10.5
Fire Magic     | 1 2 3 4 5 6 7 8 9 10 | 10.5
Ice Magic      | 1 2 3 4 5 6 7 8 9 10 | 10.5
Air Magic      | 1 2 3 4 5 6 7 8 9 10 | 10.5
Earth Magic    | 1 2 3 4 5 6 7 8 9 10 | 10.5
Poison Magic   | 1 2 3 4 5 6 7 8 9 10 | 10.5
Fighting       | 7 8 9 10 11 12 13 | 13.6
Short Blades   | 7 8 9 10 11 12 13 | 13.6
Dodging        | 7 8 9 10 11 12 13 | 13.6
Stealth        | 5 6 7 8 9 10 11 12 | 12.8

Action                   |  1- 3 |  4- 6 |  7- 9 | 10-12 | 13-15 | 16-18 || total
-------------------------+-------+-------+-------+-------+-------+-------++-------
Melee: Short sword       |   111 |       |       |       |       |       ||   111
       Bite              |     7 |     7 |    13 |    65 |   199 |   205 ||   496
       Dagger            |    10 |   113 |       |       |       |       ||   123
       Punch             |       |     1 |     2 |     1 |       |       ||     4
       Trident           |       |    32 |   183 |   553 |  1326 |  1423 ||  3517
Throw: Throwing net      |       |       |       |     1 |       |       ||     1
       Dart              |       |       |       |     3 |       |       ||     3
Invok: Cleansing Flame   |       |       |       |       |     6 |     2 ||     8
       Summon Divine War |       |       |       |       |     1 |     8 ||     9
Evoke: Wand              |       |       |       |    13 |    10 |    16 ||    39
  Use: Potion            |     1 |       |       |     2 |       |     7 ||    10
       Scroll            |       |       |       |    11 |    25 |    16 ||    52
 Stab: Sleeping          |     4 |     9 |       |       |       |       ||    13
Armor: Robe              |     8 |       |       |       |       |       ||     8
       Leather armour    |       |    10 |       |       |       |       ||    10
       Chain mail        |       |    22 |       |       |       |       ||    22
       Plate armour      |       |     3 |   133 |   266 |   596 |       ||   998
       Fire dragon scale |       |       |       |       |    61 |   285 ||   346
Dodge: Dodged            |    60 |    47 |    47 |   127 |   495 |   476 ||  1252
Block: Buckler           |       |       |       |   105 |   478 |       ||   583
       Kite shield       |       |       |       |       |   100 |   646 ||   746
       Reflection        |       |       |       |       |       |    32 ||    32
       Rpst.: Trident    |       |       |       |       |    94 |    84 ||   178
